 Dungeon Crawl Stone Soup version 0.28-a0-622-gbaef9634d7 (webtiles) character file.

Game seed: 4479724973577171440

337 zxkuqyb the Firebug (level 6, -5/32 HPs)
             Began as a Deep Elf Fire Elementalist on Oct 7, 2021.
             Killed from afar by Pikel (8 damage)
             ... with an iceblast
             ... on level 4 of the Dungeon.
             The game lasted 00:24:21 (3118 turns).

zxkuqyb the Firebug (Deep Elf Fire Elementalist)    Turns: 3118, Time: 00:24:21

Health: -5/32      AC:  6    Str:  5    XL:     6   Next: 28%
Magic:  11/14      EV: 13    Int: 22    God:
Gold:   156        SH:  0    Dex: 15    Spells: 6/14 levels left

rFire   . . .      SeeInvis .   p - +1 dagger (venom)
rCold   + . .      Faith    .   (no shield)
rNeg    . . .      Spirit   .   s - +2 robe {rC+}
rPois   +          Reflect  .   (no helmet)
rElec   .          Harm     .   (no cloak)
rCorr   .          Rampage  .   q - +1 pair of gloves
Will    .....                   (no boots)
Stlth   ++........              (no amulet)
HPRegen 0.10/turn               k - ring of poison resistance
MPRegen 0.14/turn               (no ring)

@: no status effects
A: no striking features
a: no special abilities


You were on level 4 of the Dungeon.
You visited 1 branch of the dungeon, and saw 4 of its levels.
You also visited: Sewer.

You collected 156 gold pieces.

Inventory:

Hand Weapons
 h - a +0 hunting sling
 p - a +1 dagger of venom (weapon)
Missiles
 b - 86 stones (quivered)
 i - a throwing net
 v - 4 poisoned darts
Armour
 a - a +0 robe
 q - a +1 pair of gloves (worn)
 s - a +2 robe of cold resistance (worn)
 w - a +0 troll leather armour {Purgy}
Magical Staves
 j - a staff of air
Jewellery
 k - a ring of poison resistance (left hand)
 u - an amulet of regeneration
Scrolls
 c - a scroll of magic mapping {unknown}
 d - a scroll of identify {unknown}
 e - a scroll of teleportation {unknown}
 g - 5 scrolls of amnesia
 r - a scroll of torment {unknown}
Potions
 f - a potion of lignification {unknown}
 l - a potion of cancellation {unknown}
 m - a potion of heal wounds {unknown}
 n - a potion of haste {unknown}


   Skills:
 + Level 3.9 Dodging
 - Level 2.4 Stealth
 + Level 4.6 Spellcasting
 * Level 4.0 Conjurations
 * Level 5.2 Fire Magic


You had 6 spell levels left.
You knew the following spells:

 Your Spells              Type           Power      Damage    Failure   Level
a - Foxfire               Conj/Fire      100%       2x1d9     1%          1
b - Conjure Flame         Conj/Fire      25%        6-21      4%          3
c - Sticky Flame          Conj/Fire      25%        2d5       16%         4

Your spell library contained the following spells:

 Spells                   Type           Power      Damage    Failure   Level
 Scorch                   Fire           56%        2d8       1%          2
 Animate Skeleton         Necr           10%        N/A       11%         1
 Pain                     Necr           20%        1d5       11%         1
 Inner Flame              Hex/Fire       16%        N/A       11%         3
 Ignite Poison            Fire/Tmut/Pois 12%        N/A       16%         3
 Flame Wave               Conj/Fire      25%        3d6       16%         4
 Vampiric Draining        Necr           2%         2d6       32%         3


Dungeon Overview and Level Annotations

Branches:
Dungeon (4/15)              Sewer (visited)
 Temple: D:4-7

Altars:
Uskayaw

Annotations:
D:4 Pikel


Message History

Pikel freezes you.
As you read the scroll labelled GEYSTR FONK, it crumbles to dust.
It is a scroll of amnesia.
Really abort (and waste the scroll)? [Y]es or [N]o only, please.
Really abort (and waste the scroll)?
Okay, then.
Pikel hits you with a +0 whip of freezing.
* * * LOW HITPOINT WARNING * * *
You feel better.
Pikel hits you with a +0 whip of freezing.
You feel better. Pikel completely misses you.
You hit Pikel.
Pikel is lightly wounded.
Pikel barely misses you.
Pikel zaps a wand.
The mass of ice explodes!
The iceblast engulfs you! You partially resist.
You hear a shout!
Casting: Foxfire (safe; 1% risk of failure)
Confirm with . or Enter, or press ? or * to list all spells.
You conjure some foxfire!
The foxfire hits Pikel.
Pikel completely resists.
Pikel is lightly wounded.
The foxfire hits Pikel.
Pikel completely resists.
Pikel is lightly wounded.
Casting: Foxfire (safe; 1% risk of failure)
Confirm with . or Enter, or press ? or * to list all spells.
You conjure some foxfire!
Pikel cracks his whip.
The foxfire hits Pikel but does no damage.
Pikel is lightly wounded.
A goblin comes into view. It is wielding a +0 club.
The foxfire hits the goblin!
You kill the goblin!
Pikel looks more healthy.
Pikel zaps a wand.
The mass of ice explodes!
The iceblast engulfs you! You partially resist.
* * * LOW HITPOINT WARNING * * *
You see here a +0 hand axe.
Pikel zaps a wand.
The mass of ice explodes!
The iceblast engulfs you! You partially resist.
You die...

#.# #.##.#
#.# #.##.#
#h# #.##.#
#:# #.##.#
#B# #.##.#
#5# #.##.#
#.#
######....#
#5#
#.......###
#5#
#@#####.#
#.# #.# #.#
#.###)# #.#
#55.K.# #.#
#.##### #.#
#).# #.# #
#.#.# #.# .
#.##.# #
... ...


You could see Pikel.

Vanquished Creatures
  Purgy (Sewer)
  The ghost of a11behringer the Conjurer, a weakling DECj (D:3)
  3 hounds
  Natasha (D:4)
  3 adders
  2 adder skeletons (D:4)
  A worm (D:3)
  2 orcs
  6 bats
  6 endoplasms
  4 giant cockroaches
  4 goblins
  6 hobgoblins
  3 quokkas
  8 ball pythons
  2 frilled lizards
  7 kobolds
  3 rats (D:1)
63 creatures vanquished.

Vanquished Creatures (others)
  182 foxfires
182 creatures vanquished.

Grand Total: 245 creatures vanquished

Notes
Turn   | Place    | Note
-------+----------+-------------------------------------------
     0 | D:1      | zxkuqyb the Deep Elf Fire Elementalist began the quest for
                  | the Orb.
     0 | D:1      | Reached XP level 1. HP: 10/10 MP: 6/6
   128 | D:1      | Found a faded altar of an unknown god.
   199 | D:1      | Reached XP level 2. HP: 14/15 MP: 6/8
  1029 | D:2      | Reached skill level 4 in Fire Magic
  1029 | D:2      | Reached XP level 3. HP: 15/19 MP: 3/10
  1224 | D:2      | Learned a level 3 spell: Conjure Flame
  1434 | D:3      | Reached XP level 4. HP: 20/24 MP: 3/11
  1514 | D:3      | Learned a level 4 spell: Sticky Flame
  1858 | D:3      | Found a runed translucent door.
  1863 | D:3      | Noticed a11behringer's ghost (weakling DECj)
  1877 | D:3      | Killed a11behringer's ghost
  2041 | D:3      | Found a hide-covered altar of Uskayaw.
  2362 | D:4      | Reached XP level 5. HP: 17/28 MP: 5/13
  2496 | D:4      | Found a glowing drain.
  2506 | D:4      | Noticed Natasha
  2547 | D:4      | Killed Natasha
  2587 | Sewer    | Entered a sewer
  2827 | Sewer    | Noticed Purgy
  2837 | Sewer    | Killed Purgy
  2838 | Sewer    | Reached skill level 5 in Fire Magic
  2838 | Sewer    | Reached XP level 6. HP: 22/32 MP: 9/14
  3090 | D:4      | Noticed Pikel
  3096 | D:4      | Identified a scroll of acquirement
  3096 | D:4      | Acquired the Papyrus of Battle Magic
  3118 | D:4      | Killed from afar by Pikel

Illustrated notes

Levels and vault maps discovered:
D:1:      matt_arrival_refuge, layout_basic,
          hellmonk_ecumenical_altar_arch_garden, hex_large
D:2:      layout_basic
D:3:      wander_river, layout_loops_ring, eat_drink_and_be_merry_uskayaw,
          ebering_ghost_reflecting_pool
D:4:      layout_loops_ring, gup_sewer_entry_glass, uniq_natasha, uniq_pikel

Skill      XL: |  1  2  3  4  5  6 |
---------------+-------------------+-----
Conjurations   | 2 3 4 |  4.0
Dodging        | 3 |  3.9
Fire Magic     | 4 5 |  5.2
Spellcasting   | 4 |  4.6
Stealth        | |  2.4

Action                   |  1- 3 |  4- 6 || total
-------------------------+-------+-------++-------
Melee: Dagger            |       |     5 ||     5
Throw: Stone             |     3 |       ||     3
 Cast: Foxfire           |    54 |    76 ||   130
       Conjure Flame     |       |     1 ||     1
  Use: Potion            |       |     3 ||     3
       Scroll            |       |     2 ||     2
Armor: Robe              |     4 |    20 ||    24
Dodge: Dodged            |    13 |    40 ||    53

Table legend: (Time is in decaauts)
 A = Elapsed time spent in this place.
 B = Non-inter-level travel time spent in this place.
 C = Inter-level travel time spent in this place.
 D = Time resting spent in this place.
 E = Time spent auto-exploring this place.
 F = Levels seen in this place.
 G = Mean time per level.
                   A        B        C        D        E       F      G
               +--------+--------+--------+--------+--------+-----+--------+
         Total |   3151 |   3017 |    134 |    353 |   1411 |   5 |  630.2 |
       Dungeon |   2765 |   2631 |    134 |    249 |   1236 |   4 |  691.2 |
         Sewer |    386 |    386 |      0 |    104 |    175 |   1 |  386.0 |
               +--------+--------+--------+--------+--------+-----+--------+

Top non-repeatable levels by time:
     D:3: 853 daAuts
     D:1: 821 daAuts
     D:2: 589 daAuts
     D:4: 500 daAuts
   Sewer: 386 daAuts
